 Dungeon Crawl Stone Soup version 0.18-a0-977-ge0e037f (webtiles) character file.

233 Oddball22 the Stinger (level 6, 0/36 HPs)
             Began as an Octopode Venom Mage on Jan 4, 2016.
             Was an Initiate of Sif Muna.
             Slain by an orc
             ... wielding a +0 hand axe
              (7 damage)
             ... on level 5 of the Dungeon.
             The game lasted 00:10:22 (4953 turns).

Oddball22 the Stinger (Octopode Venom Mage)         Turns: 4953, Time: 00:10:22

Health: 0/36       AC:  1    Str:  8    XL:     6   Next: 5%
Magic:  4/10       EV: 13    Int: 19    God:    Sif Muna [......]
Gold:   160        SH:  0    Dex: 12    Spells: 3 memorised, 4 levels left

rFire  . . .     SeeInvis .     w - +1 short sword (freeze)
rCold  . . .     Gourm    .     (no shield)
rNeg   . . .     Faith    .     (helmet restricted)
rPois  .         Spirit   .     (no amulet)
rElec  .         Dismiss  .     (no ring)
rCorr  .         Reflect  .     (no ring)
SustAt .         Harm     .     (no ring)
MR     .....                    (no ring)
Stlth  +++.......               (no ring)
                                (no ring)
                                (no ring)
                                (no ring)

@: not resistant to hostile enchantments, fairly stealthy
A: almost no armour, amphibious, 8 rings, constrict 8, tentacle spike 1,
camouflage 1, gelatinous body 1
a: Renounce Religion


You were on level 5 of the Dungeon.
You worshipped Sif Muna.
Sif Muna was noncommittal.
You were not hungry.

You visited 2 branches of the dungeon, and saw 6 of its levels.

You collected 160 gold pieces.

Inventory:

Hand Weapons
 r - a +2 antimagic short sword
 t - a +1 morningstar of crushing
 w - a +1 short sword of freezing (weapon)
Scrolls
 i - a scroll of blinking {unknown}
 j - 2 scrolls of recharging
 k - 2 scrolls of identify
 m - 2 scrolls of immolation {unknown}
 n - a scroll of random uselessness {unknown}
 o - 2 scrolls of teleportation
 p - a scroll of fog {unknown}
 s - a scroll of fear {unknown}
 x - a scroll of enchant weapon {unknown}
Potions
 g - a potion of lignification
 h - a potion of brilliance
Books
 a - a Young Poisoner's Handbook

   Spells                             Type                      Level
   a - Sting                          Conjuration/Poison           1
   b - Cure Poison                    Poison                       2
   c - Mephitic Cloud                 Conjuration/Poison/Air       3
   d - Olgreb's Toxic Radiance        Poison                       4
   e - Venom Bolt                     Conjuration/Poison           5
Comestibles
 b - 4 bread rations
 c - 3 fruits
 d - 2 beef jerkies
 f - 5 meat rations


   Skills:
 - Level 0.2 Fighting
 + Level 3.0 Dodging
 - Level 3.2 Stealth
 - Level 0.2 Unarmed Combat
 + Level 2.7 Spellcasting
 + Level 2.2 Conjurations
 + Level 1.7 Air Magic
 * Level 6.1 Poison Magic


You had 4 spell levels left.
You knew the following spells:

 Your Spells              Type           Power        Failure   Level  Hunger
a - Sting                 Conj/Pois      ###.         3%          1    None
b - Cure Poison           Pois           ####......   1%          2    ##.....
c - Mephitic Cloud        Conj/Pois/Air  ###.....     12%         3    ###....


Dungeon Overview and Level Annotations

Branches:
Dungeon (5/15)             Temple (1/1) D:5

Altars:
Cheibriados
Dithmenos
Elyvilon
Fedhas
Kikubaaqudgha
Makhleb
Nemelex Xobeh
Pakellas
Ru
Sif Muna
Trog
Vehumet
Yredelemnul
The Shining One


Innate Abilities, Weirdness & Mutations

You cannot wear most types of armour.
You are amphibious.
You can wear up to eight rings at the same time.
You can use your tentacles to constrict eight enemies at once.
Your skin changes colour to match your surroundings (Stealth).
Your rubbery body absorbs attacks (AC +1).
One of your tentacles bears a spike.


Message History

There is a stone staircase leading up here.
Casting: Sting
Confirm with . or Enter, or press ? or * to list all spells.
Aiming: Sting
Press: ? - help, Shift-Dir - straight line, f - orc
Aim: an orc, wielding a dagger The sting hits the orc.
The orc is poisoned.
The orc is moderately wounded.
The orc closely misses you.
You hit the orc. You freeze the orc.
You kill the orc!
Casting: Sting
Confirm with . or Enter, or press ? or * to list all spells.
Aiming: Sting
Press: ? - help, Shift-Dir - straight line, f - orc
Aim: an orc, wielding a hand axe The sting hits the orc.
The orc is lightly wounded.
The orc hits you with a hand axe!
You die...

##.........##
#......#####
##...>### ###
#########....##
..####...........##
#..##............#
##...............#
##..............#
##..##.........o@#
#...##...........#
.................#
....#..##.##.....#
.....#.##.##.....#
(................#
..........##.....#
#####.....##.....#
....


You could see an orc.

Vanquished Creatures
  2 orc priests
  3 orc wizards
  An adder (D:5)
  3 worms
  A giant gecko (D:3)
  13 orcs
  4 giant cockroaches
  8 goblins
  6 hobgoblins
  8 kobolds
  A quokka (D:3)
  5 bats
  A giant gecko skeleton (D:4)
  4 giant newts
  A jackal skeleton (D:5)
  A quokka skeleton (D:5)
  6 rats
68 creatures vanquished.

Notes
Turn   | Place    | Note
--------------------------------------------------------------
     0 | D:1      | Oddball22 the Octopode Venom Mage began the quest for the Orb.
     0 | D:1      | Reached XP level 1. HP: 11/11 MP: 3/3
    41 | D:1      | Reached skill level 5 in Poison Magic
    98 | D:1      | Reached XP level 2. HP: 7/17 MP: 5/5
  1203 | D:2      | Found a blossoming altar of Fedhas.
  1239 | D:2      | Reached XP level 3. HP: 21/21 MP: 6/6
  1270 | D:2      | Learned a level 2 spell: Cure Poison
  1274 | D:2      | Learned a level 3 spell: Mephitic Cloud
  1753 | D:2      | Found a sacrificial altar of Ru.
  2267 | D:3      | Found a radiant altar of Vehumet.
  2269 | D:3      | Found a bloodstained altar of Trog.
  2387 | D:3      | Found a sparkling altar of Nemelex Xobeh.
  2546 | D:3      | Reached skill level 1 in Conjurations
  2607 | D:3      | Reached skill level 1 in Air Magic
  2607 | D:3      | Reached XP level 4. HP: 10/27 MP: 5/7
  4124 | D:4      | Reached XP level 5. HP: 31/31 MP: 1/8
  4158 | D:5      | Entered Level 5 of the Dungeon
  4158 | D:5      | Found a staircase to the Ecumenical Temple.
  4231 | Temple   | Entered the Ecumenical Temple
  4347 | Temple   | Became a worshipper of Sif Muna the Loreminder
  4759 | D:4      | Found a white marble altar of Elyvilon.
  4927 | D:5      | Reached skill level 6 in Poison Magic
  4929 | D:5      | Gained mutation: One of your tentacles bears a spike. [potion of beneficial mutation]
  4934 | D:5      | Reached XP level 6. HP: 8/36 MP: 4/10
  4953 | D:5      | Slain by an orc

Vault maps used:
D:1:      dpeg_arrival_stonehenge_8_columns
D:2:      nicolae_ru_path_of_blood, first_bread, fedhas_altar_3
D:3:      gammafunk_temple_overflow_forgotten, minivault_27
D:4:      marbit_many_paths
D:5:      gammafunk_temple_overflow_statue, minmay_temple_entry_mist,
          serial_shops, shop, nicolae_shop_temple_entry_statues_fountains,
          grunt_ministairs_14, hangedman_abyss_or_decor_lesser_grid,
          uniq_menkaure
Temple:   chambers_temple_12

Action                   |  1- 3 |  4- 6 || total
-------------------------+-------+-------++-------
Melee: Dagger            |    79 |    33 ||   112
       Unarmed           |     2 |       ||     2
       Short sword       |       |    11 ||    11
 Cast: Sting             |    27 |    27 ||    54
  Use: Potion            |       |     6 ||     6
       Scroll            |       |     2 ||     2
 Stab: Sleeping          |     5 |     3 ||     8
       Distracted        |       |     1 ||     1
  Eat: Chunk             |     5 |     6 ||    11
       Beef jerky        |       |     1 ||     1
